 Dungeon Crawl Stone Soup version 0.30-a0-469-g84de5afbc5 (webtiles) character file.

Game seed: 12458432291778702332

56336 Zonian the Cleaver (level 14, -4/105 HPs)
             Began as a Demonspawn Fire Elementalist on Dec 20, 2022.
             Was the Champion of Qazlal.
             Slain by a polar bear (13 damage)
             ... on level 5 of the Lair of Beasts.
             The game lasted 01:23:51 (29060 turns).

Zonian the Cleaver (Demonspawn Fire Elementalist)  Turns: 29060, Time: 01:23:51

Health: -4/105     AC: 19    Str: 12    XL:     14   Next: 41%
Magic:  32/33      EV: 11    Int: 25    God:    Qazlal [******]
Gold:   378        SH: 21    Dex: 16    Spells: 9/23 levels left

rFire   + . .      SeeInvis .    D - +2 war axe (elec)
rCold   . . .      Faith    .    l - +3 buckler
rNeg    . . .      Spirit   .    M - +0 leather armour of Vidu {rElec rPois rF+ Stlth+}
rPois   +          Reflect  +    S - +3 hat of Pondering {ponderous, Will+ MP+10 Int+5}
rElec   +          Harm     .    (no cloak)
rCorr   .          Rampage  .    (no gloves)
Will    +++..                    g - +1 pair of boots {Stlth+}
Stlth   +.........               U - amulet of reflection
HPRegen 0.37/turn                J - ring of willpower
MPRegen 0.23/turn                t - ring of Ruusias {AC+4 Str+4}

@: protected from physical damage, repel missiles, slow
A: antennae 2, slimy green scales 2, demonic guardian 2, powered by pain 3
a: Renounce Religion, Upheaval, Elemental Force, Disaster Area


You were on level 5 of the Lair of Beasts.
You worshipped Qazlal.
Qazlal was exalted by your worship.
You visited 2 branches of the dungeon, and saw 16 of its levels.
You also visited: Bailey.

You collected 1079 gold pieces.
You spent 701 gold pieces at shops.

Inventory:

Hand Weapons
 d - a +0 short sword of electrocution
 k - a +3 whip of electrocution
 u - a +0 antimagic falchion
 A - a +0 long sword of flaming
 D - a +2 war axe of electrocution (weapon)
 W - a +2 demon trident
Missiles
 q - 2 throwing nets
 L - 10 poisoned darts
 X - 9 javelins
Armour
 a - a +0 robe
 f - a scarf of invisibility
 g - a +1 pair of boots of stealth (worn)
 l - a +3 buckler (worn)
 m - an orb of guile
 y - +1 steam dragon scales
 M - the +0 leather armour of Vidu (worn) {rElec rPois rF+ Stlth+}
   (You bought it in a shop on level 9 of the Dungeon)

   rF:        It protects you from fire.
   rElec:     It insulates you from electricity.
   rPois:     It protects you from poison.
   Stlth:     It makes you more stealthy.
 S - the +3 hat of Pondering (worn) {ponderous, Will+ MP+10 Int+5}
   (You took it off Gastronok on level 2 of the Lair of Beasts)

   Int:       It affects your intelligence (+5).
   MP:        It affects your magic capacity (+10).
   Will:      It increases your willpower.
Jewellery
 c - a ring of protection from cold
 t - the ring of Ruusias (right hand) {AC+4 Str+4}
   (You found it on level 4 of the Dungeon)

   [ring of protection]

   AC:        It affects your AC (+4).
   Str:       It affects your strength (+4).
 w - a ring of see invisible
 I - a ring of flight
 J - a ring of willpower (left hand)
 Q - a ring of ice
 U - an amulet of reflection (around neck)
Wands
 h - a wand of roots (9)
 n - a wand of digging (16)
 o - a wand of flame (34)
 K - a wand of polymorph (7)
 P - a wand of light (5)
 T - a wand of charming (3)
Scrolls
 i - 3 scrolls of amnesia
 j - 4 scrolls of poison
 p - a scroll of fear
 z - a scroll of teleportation
 E - a scroll of fog
 O - a scroll of magic mapping
 R - 4 scrolls of identify
 V - a scroll of silence
Potions
 b - 5 potions of magic
 e - 2 potions of cancellation
 r - 5 potions of brilliance
 s - 4 potions of resistance
 v - 2 potions of flight
 x - 3 potions of haste
 B - 3 potions of mutation
 C - 7 potions of curing
 F - 2 potions of might
 G - 5 potions of heal wounds
 H - 3 potions of invisibility
 N - 6 potions of ambrosia


   Skills:
 - Level 8.0 Fighting
 - Level 14.4 Axes
 + Level 6.6 Armour
 - Level 1.8 Dodging
 - Level 1.8 Stealth
 - Level 4.0 Shields
 - Level 5.3 Spellcasting
 - Level 11.8 Conjurations
 - Level 11.2 Fire Magic
 - Level 12.0 Invocations


You had 9 spell levels left.
You knew the following spells:

 Your Spells              Type           Power      Damage    Failure   Level
a - Foxfire               Conj/Fire      100%       2x1d9     1%          1
b - Scorch                Fire           100%       2d10      1%          2
c - Flame Wave            Conj/Fire      59%        2d14      1%          4
d - Inner Flame           Hex/Fire       34%        N/A       3%          3
e - Sticky Flame          Conj/Fire      59%        2d7       1%          4

Your spell library contained the following spells:

 Spells                   Type           Power      Damage    Failure   Level
 Ignite Poison            Fire/Tmut/Pois 25%        N/A       9%          3
 Kindle Blastsparks       Fire/Tloc/Air  50%        2d14      9%          3
 Ensorcelled Hibernation  Hex/Ice        12%        N/A       21%         2
 Passwall                 Tmut/Erth      5%         N/A       21%         2
 Frozen Ramparts          Ice            12%        1d2       36%         3
 Spider Form              Tmut/Pois      6%         N/A       36%         3
 Swiftness                Air            6%         N/A       36%         3
 Anguish                  Hex/Necr       3%         N/A       78%         4
 Ice Form                 Ice/Tmut       6%         N/A       78%         4
 Summon Ice Beast         Ice/Summ       6%         N/A       78%         4
 Ignition                 Fire           29%        3d9       100%        8


Dungeon Overview and Level Annotations

Branches:
Dungeon (11/15)            Temple (0/1) D:7            Lair (5/5) D:11
  Swamp (0/4) Lair:3        Snake (0/4) Lair:2        Slime (0/5) Lair:5
    Orc (0/2) D:9          Bailey (visited)

Altars:
Ashenzari
Makhleb
Qazlal
Wu Jian
Jiyva

Shops:
D:6 *   D:9 [

Annotations:
Lair:1 3 runed translucent doors, Rijiq's ghost, journeyman GrEE
Lair:3 exclusion: oklob plant


Innate Abilities, Weirdness & Mutations

You have a pair of antennae on your head.
You are mostly covered in slimy green scales. (AC +3)
A demonic guardian rushes to your aid.
You are powered by pain.


Message History

The polar bear is severely wounded.
The polar bear bites you.
* * * LOW HITPOINT WARNING * * *
You block the polar bear's attack. x2
You hit the polar bear but do no damage.
The polar bear is severely wounded.
You block the polar bear's attack. x2; The polar bear closely misses you.
You block the polar bear's attack.
The polar bear claws you but does no damage. x2
You barely miss the polar bear.
The polar bear is severely wounded.
You hear a howl!
You block the polar bear's attack.
The polar bear claws you but does no damage.
The polar bear claws you.
* * * LOW HITPOINT WARNING * * *
You slash the polar bear!
The polar bear is almost dead.
You hear an angry growl.
You block the polar bear's attack. x3
You barely miss the polar bear.
The polar bear is almost dead.
You hear a roar!
You hear a howl!
You hear an angry growl.
You hear a howl!
You hear a bark!
You block the polar bear's attack.
The polar bear claws you but does no damage.
You block the polar bear's attack.
You hit the polar bear.
The polar bear is almost dead.
You hear a bark!
You hear a howl!
The polar bear bites you!!
* * * LOW HITPOINT WARNING * * *
A demonic guardian appears!
You feel more protected from physical attacks.
You block the polar bear's attack.
The polar bear claws you but does no damage.
You block the polar bear's attack. x2; The polar bear closely misses you.
The polar bear attacks as you move away!
The polar bear bites you!
You die...

...#.## ..h....##
h.....## ... #....# ....
#..# #... ##
#######..####=.## .#
#####.#...#§...#....##
.###....#†....3†○#.......
..#...........†#@#h†..#
...#..†..#.#.#.##h# ..
....#...##########†# .
.....#### ## .....##
......## ...P...######
.........#..########
.....###...........###


You could see a polar bear (berserk, ally target) and a friendly soul eater
(summoned).

Vanquished Creatures
  A catoblepas (Lair:3)
  Erica (Lair:2)
  A two-headed ogre (D:11)
  9 death yaks
  Urug (D:10)
  An orc knight (Bailey)
  A manticore (D:11)
  A cyclops (D:11)
  3 centaur zombies (D:7)
  2 black mambas
  4 elephants (Lair:5)
  2 torpor snails
  Maggie (D:6)
  A kobold demonologist (D:8)
  21 cane toads
  7 komodo dragons
  3 rime drakes
  A centaur skeleton (D:7)
  A queen bee (Lair:3)
  A hellwing (D:7)
  11 polar bears
  2 trolls
  A harpy skeleton (D:7)
  19 blink frogs
  Prince Ribbit (D:6)
  3 raiju (Lair:5)
  9 spriggans (Lair:2)
  A wraith (D:9)
  Sigmund (D:5)
  30 yaks
  2 wyverns
  2 basilisks
  Menkaure (D:4)
  3 nagas
  2 wargs (Lair:5)
  14 water moccasins
  3 hell hounds (Lair:5)
  Duvessa (D:6)
  3 orc warriors
  A swamp drake (Lair:5)
  A sky beast (D:8)
  10 black bears (Lair:5)
  An ogre (D:5)
  36 wolves
  3 centaurs
  2 phantoms
  Blork the orc (D:5)
  2 kobold brigands
  15 bullfrogs
  2 gnoll sergeants
  A scorpion (D:5)
  A necrophage (D:4)
  Dowan (D:6)
  30 killer bees
  6 howler monkeys
  9 electric eels
  3 lava snakes (Lair:3)
  A quasit (D:6)
  6 hounds
  2 gnoll boudas
  9 orc priests
  4 jellies
  3 hell rats (Lair:5)
  2 iguanas
  12 orc wizards
  28 gnolls
  6 adders
  5 shadow imps
  4 white imps
  An ufetubus (D:5)
  2 worms
  2 dart slugs
  57 orcs
  6 ball pythons
  2 endoplasms (D:4)
  6 giant cockroaches
  18 goblins
  6 hobgoblins
  3 jackals
  14 kobolds
  3 quokkas
  11 bats
  5 frilled lizards
  4 rats
  2 bushes (Lair:2)
  A butterfly (Lair:4)
  6 foxfires
528 creatures vanquished.

Vanquished Creatures (collateral kills)
  Gastronok (Lair:2)
  A hydra (Lair:5)
  A cane toad (Lair:5)
  A komodo dragon (Lair:1)
  A polar bear (Lair:5)
  A wyvern (Lair:5)
  A yak (Lair:1)
  A water moccasin (Lair:1)
  An orc priest (D:7)
  A hound (D:5)
  A jelly (Lair:5)
  A hell rat (Lair:5)
  3 gnolls
  An adder (D:5)
  A shadow imp (D:7)
  3 foxfires (Lair:2)
20 creatures vanquished.

Vanquished Creatures (others)
  A komodo dragon (Lair:5)
  2 bushes
  4 demonic plants (D:6)
  613 foxfires
  31 fungi
  67 plants
  11 withered plants (D:7)
729 creatures vanquished.

Grand Total: 1277 creatures vanquished

Notes
Turn   | Place    | Note
-------+----------+-------------------------------------------
     0 | D:1      | Zonian the Demonspawn Fire Elementalist began the quest for
                  | the Orb.
     0 | D:1      | Reached XP level 1. HP: 13/13 MP: 3/3
   341 | D:1      | Gained mutation: You have a pair of small antennae on your
                  | head. [demonic ancestry]
   341 | D:1      | Reached XP level 2. HP: 14/19 MP: 0/5
   675 | D:1      | Found a faded altar of an unknown god.
   748 | D:1      | Prayed at the altar of an unknown god.
   748 | D:1      | Became a worshipper of Qazlal Stormbringer
   748 | D:1      | Reached * piety under Qazlal
  1262 | D:1      | Gained mutation: You sometimes gain a little power by
                  | taking damage. [demonic ancestry]
  1262 | D:1      | Reached XP level 3. HP: 24/24 MP: 6/6
  2189 | D:2      | Reached ** piety under Qazlal
  2455 | D:2      | Learned a level 2 spell: Scorch
  2756 | D:3      | Gained mutation: You are partially covered in slimy green
                  | scales. (AC +2) [demonic ancestry]
  2756 | D:3      | Reached XP level 4. HP: 25/30 MP: 5/8
  3407 | D:4      | Reached skill level 1 in Shields
  3585 | D:4      | Identified the ring of Ruusias {AC+4 Str+4}
  3710 | D:4      | Gained mutation: You sometimes gain power by taking damage.
                  | [demonic ancestry]
  3710 | D:4      | Reached XP level 5. HP: 35/35 MP: 6/9
  4149 | D:4      | Reached XP level 6. HP: 41/41 MP: 4/11
  4300 | D:4      | Noticed Menkaure
  4303 | D:4      | Killed Menkaure
  4471 | D:5      | Entered Level 5 of the Dungeon
  4476 | D:4      | Gained mutation: A weak demonic guardian rushes to your
                  | aid. [demonic ancestry]
  4476 | D:4      | Reached XP level 7. HP: 39/46 MP: 10/12
  4996 | D:5      | Reached *** piety under Qazlal
  5022 | D:5      | Reached skill level 5 in Fire Magic
  5311 | D:5      | Gained mutation: You have a pair of antennae on your head.
                  | [demonic ancestry]
  5311 | D:5      | Reached XP level 8. HP: 52/52 MP: 10/15
  5397 | D:5      | Noticed Blork the orc
  5399 | D:5      | Noticed Sigmund
  5481 | D:5      | Learned a level 4 spell: Flame Wave
  5581 | D:5      | Found a burning altar of Makhleb.
  5722 | D:5      | Killed Sigmund
  5734 | D:5      | Reached skill level 5 in Spellcasting
  5734 | D:5      | Reached skill level 5 in Conjurations
  5803 | D:5      | Killed Blork the orc
  6298 | D:6      | Noticed Prince Ribbit
  6326 | D:6      | Killed Prince Ribbit
  7433 | D:6      | Found Voifev's Assorted Antiques.
  7441 | D:6      | Bought a scroll labelled HOAXZO MUSUU for 28 gold pieces
  7441 | D:6      | Bought a green potion for 25 gold pieces
  7441 | D:6      | Bought a scroll of fear for 112 gold pieces
  7480 | D:6      | Noticed Dowan
  7503 | D:6      | Killed Dowan
  7504 | D:6      | Gained mutation: You are powered by pain. [demonic
                  | ancestry]
  7504 | D:6      | Reached XP level 9. HP: 49/51 MP: 10/16
  7628 | D:6      | Noticed Duvessa
  7656 | D:6      | Killed Duvessa
  8096 | D:6      | Noticed Maggie
  8103 | D:6      | Killed Maggie
  8413 | D:7      | Noticed a hellwing
  8579 | D:7      | Reached **** piety under Qazlal
  9680 | D:7      | Reached XP level 10. HP: 63/63 MP: 14/17
  9894 | D:7      | Found a staircase to the Ecumenical Temple.
 10028 | D:7      | Found a stormy altar of Qazlal.
 10995 | D:8      | Found a flagged portal.
 11019 | Bailey   | Entered a bailey
 11373 | Bailey   | Reached XP level 11. HP: 45/68 MP: 12/18
 11703 | Bailey   | Noticed an orc knight
 11718 | Bailey   | Killed an orc knight
 11719 | Bailey   | Reached skill level 1 in Fighting
 12499 | D:8      | Found an ornate altar of the Wu Jian Council.
 12548 | D:8      | Found a broken altar of Ashenzari.
 13338 | D:8      | Reached ***** piety under Qazlal
 14287 | D:9      | Learned a level 3 spell: Inner Flame
 14573 | D:9      | Found a staircase to the Orcish Mines.
 14773 | D:9      | Found Tinat's Antique Armour Boutique.
 14778 | D:9      | Bought a jewelled leather armour for 259 gold pieces
 14778 | D:9      | Identified the +0 leather armour of Vidu {rElec rPois rF+
                  | Stlth+} (You bought it in a shop on level 9 of the Dungeon)
 14920 | D:10     | Entered Level 10 of the Dungeon
 15149 | D:10     | Reached skill level 1 in Axes
 15508 | D:10     | Identified the +1 arbalest of Uskayaw's Wrath {freeze,
                  | rCorr Str+4 Dex+4 Stlth+}
 16147 | D:10     | Noticed Urug
 16389 | D:11     | Reached skill level 2 in Axes
 16521 | D:11     | Noticed a two-headed ogre
 16537 | D:11     | Killed a two-headed ogre
 16538 | D:11     | Reached skill level 3 in Axes
 16538 | D:11     | Reached skill level 5 in Invocations
 17240 | D:11     | Reached skill level 4 in Axes
 17511 | D:11     | Found a staircase to the Lair.
 17521 | Lair:1   | Entered Level 1 of the Lair of Beasts
 17548 | Lair:1   | Gained mutation: You are mostly covered in slimy green
                  | scales. (AC +3) [demonic ancestry]
 17548 | Lair:1   | Reached XP level 12. HP: 35/84 MP: 3/19
 18010 | Lair:1   | Reached skill level 5 in Axes
 18018 | Lair:1   | Reached skill level 5 in Fighting
 18534 | Lair:1   | Found the +10 dark maul {vorpal}
 18541 | Lair:1   | Noticed a minotaur
 18541 | Lair:1   | Noticed Rijiq's ghost (journeyman GrEE)
 18541 | Lair:1   | Noticed a catoblepas
 18569 | Lair:1   | Found a runed translucent gate.
 18569 | Lair:1   | Found a runed translucent gate.
 18569 | Lair:1   | Found a runed translucent gate.
 18686 | Lair:1   | Reached skill level 6 in Axes
 19718 | Lair:2   | Noticed Gastronok
 19774 | Lair:2   | Killed Gastronok
 20047 | Lair:2   | Reached skill level 7 in Axes
 20096 | Lair:2   | Reached skill level 8 in Axes
 20391 | Lair:2   | Noticed Erica
 20403 | Lair:2   | Killed Erica
 20404 | Lair:2   | Reached skill level 9 in Axes
 20697 | Lair:2   | Reached skill level 10 in Axes
 21006 | Lair:2   | Found a staircase to the Snake Pit.
 21564 | Lair:2   | Reached XP level 13. HP: 98/98 MP: 20/20
 21568 | Lair:2   | Reached skill level 11 in Axes
 22620 | Lair:3   | Reached skill level 12 in Axes
 22777 | D:9      | Bought a pair of runed boots for 277 gold pieces
 22850 | D:10     | Killed Urug
 23986 | Lair:3   | Reached skill level 13 in Axes
 24501 | Lair:3   | Found a staircase to the Swamp.
 26341 | Lair:4   | Reached skill level 14 in Axes
 27035 | Lair:4   | Learned a level 4 spell: Sticky Flame
 27268 | Lair:5   | Entered Level 5 of the Lair of Beasts
 27392 | Lair:5   | Reached skill level 10 in Invocations
 27994 | Lair:5   | Found a viscous altar of Jiyva.
 27994 | Lair:5   | Found a staircase to the Slime Pits.
 28025 | Lair:5   | Gained mutation: A demonic guardian rushes to your aid.
                  | [demonic ancestry]
 28025 | Lair:5   | Reached XP level 14. HP: 98/105 MP: 22/22
 28096 | Lair:5   | Reached skill level 1 in Armour
 28482 | Lair:5   | Reached skill level 5 in Armour
 29042 | Lair:5   | Reached ****** piety under Qazlal
 29060 | Lair:5   | Slain by a polar bear

Illustrated notes

Levels and vault maps discovered:
D:1:      eino_arrival_druids_welcome, layout_loops_ring,
          hellmonk_ecumenical_altar_zigzags, st_stairs_8, hangedman_decor_push,
          minmay_3d_cube
D:2:      layout_loops_cross, nrook_campfire, minmay_split_cup_small
D:3:      layout_basic
D:4:      layout_basic, uniq_menkaure
D:5:      layout_basic, makhleb_heckhound_becter, minmay_ogre_servants,
          uniq_sigmund, uniq_blork_the_orc
D:6:      layout_basic, serial_demonic, serial_demonic_f, serial_demonic_g,
          serial_demonic_c, serial_demonic_b, serial_shops, shop,
          uniq_prince_ribbit1, uniq_maggie, uniq_duvessa
D:7:      cheibrodos_grave_circle, layout_cave_pods, marbit_many_paths,
          temple_pool_b, eino_tiny_chamber
D:8:      layout_basic, nicolae_ashenzari_skybound,
          pdpol_wu_jian_five_deadly_venoms, enter_bailey_7, minivault_1
D:9:      layout_loops_ring, orc_0_dummy, serial_shops, kennysheep_little_box,
          nicolae_concentric_dashed_squares_wild, grunt_ministairs_9
D:10:     layout_basic, kennysheep_another_room, uniq_urug
D:11:     layout_loops_ring, lair_entry_dummy, minmay_misc_feat_enclosed
Lair:1:   layout_loops_ring, maelrawn_ghost_gauntlet_escape
Lair:2:   kb_forest_paths, layout_hall_layers, guppyfry_snake_entry_island,
          uniq_gastronok, uniq_erica
Lair:3:   dpeg_oklob_gauntlet, layout_misc_corridors, swamp_mist, special_room
          [special_room_bee], nicolae_lair_liquid_snakes, serial_bayou_shore_a
Lair:4:   layout_roguey, lemuel_fruit_fields
Lair:5:   hangedman_lair_caniforms_friends, layout_hall_layers,
          guppyfry_lair_end_dragon, minmay_slime_entry_pillars,
          infiniplex_staircase_pool

Skill      XL: |  1  2  3  4  5  6  7  8  9 10 11 12 13 14 |
---------------+-------------------------------------------+-----
Fire Magic     | 3 4 5 6 8 11 | 11.2
Conjurations   | 2 3 4 6 8 11 | 11.8
Shields        | 1 2 3 4 |  4.0
Spellcasting   | 3 4 5 |  5.3
Fighting       | 4 8 |  8.0
Invocations    | 6 8 11 12 | 12.0
Axes           | 4 10 14 | 14.4
Armour         | 6 |  6.6
Dodging        | |  1.8
Stealth        | |  1.8

Action                   |  1- 3 |  4- 6 |  7- 9 | 10-12 | 13-15 || total
-------------------------+-------+-------+-------+-------+-------++-------
Melee: Short sword       |    85 |     4 |       |       |       ||    89
       Unarmed           |     7 |       |       |       |       ||     7
       Whip              |    17 |    94 |   211 |   311 |       ||   633
       War axe           |       |       |       |    34 |   514 ||   548
Throw: Javelin           |       |       |       |       |     1 ||     1
 Cast: Foxfire           |    56 |    26 |    83 |   164 |    29 ||   358
       Scorch            |       |     5 |    44 |   129 |     8 ||   186
       Flame Wave        |       |       |     1 |    13 |    33 ||    47
       Inner Flame       |       |       |       |       |     4 ||     4
Invok: Upheaval          |       |       |       |     1 |     2 ||     3
       Elemental Force   |       |       |       |     1 |       ||     1
       Disaster Area     |       |       |       |       |     2 ||     2
Evoke: Wand              |       |       |     2 |    18 |    14 ||    34
  Use: Potion            |     1 |     1 |     6 |     3 |     6 ||    17
       Scroll            |     8 |     9 |     6 |    13 |     2 ||    38
 Stab: Sleeping          |     1 |       |       |       |       ||     1
       Invisible         |       |       |     1 |     3 |       ||     4
       Distracted        |       |       |     1 |       |       ||     1
Armor: Robe              |    30 |    27 |    51 |       |       ||   108
       Steam dragon scal |       |       |    42 |    58 |       ||   100
       Leather armour    |       |       |       |    65 |   151 ||   216
Dodge: Dodged            |   113 |    47 |   121 |   199 |   153 ||   633
       Repelled          |       |       |       |     2 |     2 ||     4
Block: Other             |     2 |       |       |       |       ||     2
       Buckler           |    14 |    48 |   135 |   395 |   585 ||  1177
       Reflection        |       |       |       |     1 |     4 ||     5

Table legend: (Time is in decaauts)
 A = Elapsed time spent in this place.
 B = Non-inter-level travel time spent in this place.
 C = Inter-level travel time spent in this place.
 D = Time resting spent in this place.
 E = Time spent auto-exploring this place.
 F = Levels seen in this place.
 G = Mean time per level.
                   A        B        C        D        E       F      G
               +--------+--------+--------+--------+--------+-----+--------+
         Total |  29453 |  28427 |   1026 |  12646 |   9788 |  17 | 1732.5 |
       Dungeon |  17253 |  16744 |    509 |   6476 |   6879 |  11 | 1568.5 |
          Lair |  11028 |  10511 |    517 |   5283 |   2876 |   5 | 2205.6 |
        Bailey |   1170 |   1170 |      0 |    886 |     33 |   1 | 1170.0 |
               +--------+--------+--------+--------+--------+-----+--------+

Top non-repeatable levels by time:
  Lair:2: 3685 daAuts
     D:6: 2452 daAuts
  Lair:1: 2247 daAuts
  Lair:3: 2226 daAuts
     D:7: 2122 daAuts
     D:8: 1800 daAuts
    D:10: 1744 daAuts
  Lair:5: 1697 daAuts
    D:11: 1671 daAuts
     D:5: 1612 daAuts
     D:1: 1486 daAuts
     D:4: 1283 daAuts
     D:9: 1213 daAuts
  Lair:4: 1172 daAuts
  Bailey: 1170 daAuts
